 Dungeon Crawl Stone Soup version 0.18-a0-316-gf882de5 (console) character file.

110880 endege the Severer (level 16, -10/154 HPs)
             Began as a Deep Dwarf Berserker on Nov 27, 2015.
             Was a High Priest of Trog.
             Mangled by a spark wasp (17 damage)
             ... on level 3 of the Spider Nest.
             The game lasted 00:34:48 (25738 turns).

endege the Severer (Deep Dwarf Berserker)          Turns: 25738, Time: 00:34:48

Health: -10/154    AC:  5    Str: 23    XL:     16   Next: 8%
Magic:  5/5        EV: 18    Int:  8    God:    Trog [*****.]
Gold:   950        SH:  0    Dex: 17    Spells: 0 memorised, 15 levels left

rFire  . . .     SeeInvis +     j - +4 battleaxe (elec)
rCold  + . .     Clarity  .     b - +4 plate armour
rNeg   + . .     SustAt   .     (shield currently unavailable)
rPois  +         Gourm    .     i - +2 helmet {SInv}
rElec  .         Spirit   .     B - +2 cloak {rPois}
rCorr  .         Warding  .     K - +1 pair of gloves {archery}
rMut   .         Stasis   .     q - +2 pair of boots
MR     ++...                    J - amulet of faith
Stlth  ..........               m - ring of protection from cold
                                I - +3 ring of evasion

@: lethally poisoned (-10 -> -10), corroded equipment, non-regenerating, very
resistant to hostile enchantments, extremely unstealthy
A: damage resistance, recharge devices, mutation resistance 1, negative energy
resistance 1, sense surroundings 2, poison resistance, slow regeneration 3
a: Device Recharging, Berserk, Trog's Hand, Brothers in Arms, Burn Spellbooks,
Renounce Religion


You were on level 3 of the Spider Nest.
You worshipped Trog.
Trog was extremely pleased with you.
You were not hungry.

You visited 4 branches of the dungeon, and saw 30 of its levels.
You also visited: Ossuary.

You collected 2565 gold pieces.
You spent 1615 gold pieces at shops.


Innate Abilities, Weirdness & Mutations

You are resistant to damage.
You can recharge devices by infusing magical energy.
You resist negative energy.
You passively map the area around you.
You do not regenerate naturally.
You are somewhat resistant to further mutation.
Your system is resistant to poisons.


   Skills:
 + Level 12.8 Fighting
 - Level 20.0 Axes
 - Level 12.9 Armour
 - Level 12.9 Dodging
 - Level 4.0 Evocations


You had 15 spell levels left.
You didn't know any spells.

Inventory:

Hand Weapons
 j - a +4 battleaxe of electrocution (weapon)
Armour
 b - a +4 plate armour (worn)
 i - a +2 helmet of see invisible (worn)
 q - a +2 pair of boots (worn)
 B - a +2 cloak of poison resistance (worn)
 K - a +1 pair of gloves of archery (worn)
Jewellery
 g - an uncursed ring of protection from fire
 m - a ring of protection from cold (right hand)
 t - an uncursed ring of wizardry {unknown}
 u - a +5 ring of strength
 A - an uncursed ring of see invisible
 C - an uncursed ring of protection from fire
 H - an uncursed ring of fire
 I - a +3 ring of evasion (left hand)
 J - an amulet of faith (around neck)
Wands
 z - a wand of digging (16)
 Y - a wand of heal wounds (1)
Scrolls
 c - 9 scrolls of identify
 s - 8 scrolls of remove curse
 v - a scroll of holy word {unknown}
Potions
 f - a potion of cure mutation
 o - 8 potions of curing
 r - 8 potions of haste
 w - 2 potions of might
 E - a potion of resistance
Comestibles
 a - 13 bread rations
 e - 12 fruits
 h - 8 slices of pizza
 k - a beef jerky
 n - 2 royal jellies
 x - 16 meat rations

Dungeon Overview and Level Annotations

Branches:
Dungeon (15/15)            Temple (0/1) D:5            Lair (8/8) D:10
  Swamp (0/4) Lair:3       Spider (3/4) Lair:4        Slime (0/6) Lair:6
    Orc (4/4) D:12            Elf (0/3) Orc:4        Vaults (0/5) D:14
 Depths (0/5) D:15

Altars:
Ashenzari
Makhleb
Nemelex Xobeh
Ru
Vehumet
Xom
The Shining One
Beogh

Shops:
Orc:4 [=:=


Message History

The entropy weaver hits you!
* * * LOW HITPOINT WARNING * * *
The spark wasp stings you. The spark wasp shocks you!
* * * LOW HITPOINT WARNING * * *
The jumping spider leaps!
The redback bites you!
* * * LOW HITPOINT WARNING * * *
25738 ||| ZAPPING wand of heal wounds (2).
Evoke which item? (* to show all) (? for menu, Esc to quit)
Zapping:
Y - a wand of heal wounds (2)
Press: ? - help, Shift-Dir - straight line, f - you You feel much better.
This wand has 1 charge left.
The spark wasp barely misses you.
The jumping spider leaps!
The redback bites you!
* * * LOW HITPOINT WARNING * * *
The entropy weaver hits you.
* * * LOW HITPOINT WARNING * * *
The entropy weaver hits you!
* * * LOW HITPOINT WARNING * * *
The entropy weaver misses you. x2
The spark wasp stings you!!
You die...

##...........#
##...........
##...)....#####....##......
* ,
###...#######s.#####......
*, ####............#
##....# , #s.y.#..###....##
##...##
..¤pss##..##s#......#
#.#...# ...s#
#..##........# #.##... ,...
* #..#.........# ##.##...
*., * ##.......¤...#
##...#...
**##....s¤s....###^...##..
* *#.....p@y...#..#^....#..
* * ,
...........###.......... ,
.....>.....##.......>... *
....########.#..#.##.... *
*#..# #^#########.%. * ###
### ####


You could see an entropy weaver, a spark wasp, 2 jumping spiders and a redback.

Vanquished Creatures
  Maud (D:12)
  A stone giant (Orc:4)
  The ghost of endege the Grappler, a journeyman TrAs of Trog (Lair:3)
  An ogre mage (D:15)
  The ghost of endege the Grappler, a journeyman TrAs of Trog (Lair:2)
  Josephine (Lair:4)
  A yaktaur captain (D:15)
  An ice dragon (Lair:2)
  Fannar (Orc:1)
  Erolcha (D:9)
  2 hydras
  2 dancing weapons (D:14)
  4 centaur warriors
  A tengu warrior (D:11)
  5 death yaks
  5 orc high priests (Orc:4)
  Nergalle (Lair:2)
  4 unseen horrors
  4 hill giants
  10 wolf spiders
  A lindwurm (Lair:7)
  A wolf spider zombie (D:15)
  2 cyclopes
  13 ugly things
  A manticore (D:11)
  6 orc knights
  An oklob plant (Lair:7)
  An orc sorcerer (Orc:4)
  A griffon (D:14)
  2 hornets
  A moth of wrath (Spider:3)
  25 elephants
  Joseph (D:9)
  7 black mambas
  3 torpor snails
  A gargoyle (D:7)
  17 spiny frogs
  8 demonic crawlers
  3 fire drakes
  6 jumping spiders
  A kobold demonologist (D:15)
  A tengu conjurer (D:11)
  A queen bee (D:9)
  4 two-headed ogres
  3 giant leeches (Lair:8)
  4 trolls
  6 komodo dragons
  A yaktaur (D:15)
  6 polar bears
  Prince Ribbit (D:8)
  26 blink frogs
  A trapdoor spider zombie (D:8)
  27 redbacks
  3 boulder beetles
  6 trapdoor spiders
  2 shadows
  9 tarantellas
  A centaur simulacrum (D:11)
  5 fire elementals (D:12)
  16 yaks
  A deep elf mage (D:14)
  A wyvern (D:10)
  Eustachio (D:4)
  A vampire (D:14)
  4 vampire mosquitoes (Lair:8)
  11 hippogriffs
  3 wraiths (Lair:4)
  2 hungry ghosts
  4 basilisks
  9 wolves
  A hell hound (D:12)
  10 ogres
  10 porcupines
  A sky beast (D:9)
  9 water moccasins
  6 ice beasts
  A swamp drake (Lair:3)
  2 wasps
  25 orc warriors
  2 phantoms
  5 centaurs
  3 big kobolds
  26 crocodiles
  22 giant frogs
  3 wyvern zombies
  A water moccasin zombie (Ossuary)
  4 scorpions
  11 killer bees
  A water moccasin skeleton (D:9)
  5 electric eels
  A giant frog zombie (D:13)
  22 wights
  6 hounds
  5 centaur zombies
  7 crimson imps
  2 quasits
  7 bog bodies (Ossuary)
  A wyvern simulacrum (D:11)
  3 giant frog skeletons
  A jelly (D:7)
  Crazy Yiuf (D:6)
  2 centaur skeletons
  44 orc priests
  27 orc wizards
  7 iguanas
  12 worker ants
  6 hell rats (Lair:2)
  26 sheep
  2 killer bee zombies (Ossuary)
  2 hound zombies (Ossuary)
  11 mummies (Ossuary)
  4 worker ant zombies
  Robin (D:2)
  7 gnolls (D:5)
  18 adders
  32 river rats
  6 white imps
  3 ufetubi
  8 adder zombies
  4 oozes
  5 worms
  2 giant geckos (D:3)
  143 orcs
  9 giant cockroaches
  13 hobgoblins
  9 jackals
  4 quokkas
  8 bats
  A giant cockroach zombie (Ossuary)
  2 giant gecko zombies (Ossuary)
  A giant newt (D:4)
  16 goblins
  13 kobolds
  A quokka skeleton (D:6)
  6 rats
  7 fungi
  18 plants
994 creatures vanquished.

Vanquished Creatures (collateral kills)
  Rupert (Lair:6)
  Azrael (D:12)
  2 hydras
  2 death yaks (Lair:8)
  4 orb spiders
  A moth of wrath (Spider:1)
  2 spiny frogs (Lair:8)
  A demonic crawler (Spider:1)
  A redback (Spider:1)
  A trapdoor spider (Spider:1)
  A vampire mosquito (Lair:8)
  A fire elemental (D:12)
  A giant frog (Lair:8)
  10 killer bees (D:9)
29 creatures vanquished.

Vanquished Creatures (others)
  An orc (D:8)
  11 fungi
  11 plants
23 creatures vanquished.

Grand Total: 1046 creatures vanquished

Notes
Turn   | Place    | Note
--------------------------------------------------------------
     0 | D:1      | endege the Deep Dwarf Berserker began the quest for the Orb.
     0 | D:1      | Reached XP level 1. HP: 20/20 MP: 1/1
     0 | D:1      | 0 ||| counter = 44
    78 | D:1      | Reached skill level 1 in Evocations
   176 | D:1      | Reached XP level 2. HP: 24/27 MP: 3/3
   587 | D:1      | 587 ||| UPGRADING to shiny ring mail.
   597 | D:1      | 597 ||| DROPPING +0 animal skin.
   598 | D:1      | 598 ||| DROPPING ring mail.
   599 | D:1      | 599 ||| READING scroll labeled LIDEL KUMOUH.
   600 | D:1      | 600 ||| READING scroll labeled SEUKLE BEELYTSUTOSS.
   601 | D:1      | 601 ||| READING scroll labeled ZOICLIFE XYVIJ.
   628 | D:2      | 628 ||| INVOKING Berserk.
   630 | D:2      | Reached skill level 4 in Axes
   687 | D:2      | Reached XP level 3. HP: 13/33 MP: 4/4
   688 | D:2      | 688 ||| ZAPPING wand of heal wounds (5).
   945 | D:2      | Noticed Robin
   953 | D:2      | 953 ||| INVOKING Berserk.
   954 | D:2      | Reached ** piety under Trog
   956 | D:2      | Reached skill level 3 in Evocations
   958 | D:2      | Killed Robin
   958 | D:2      | Reached XP level 4. HP: 40/40 MP: 4/6
  1135 | D:2      | 1135 ||| UPGRADING to shiny helmet.
  1140 | D:2      | 1140 ||| READING scroll labeled MOIKESE NATO.
  1141 | D:2      | 1141 ||| READING scroll labeled IDUH QABALL.
  1142 | D:2      | 1142 ||| READING scroll labeled YNUDOCUEDE.
  1143 | D:2      | 1143 ||| READING 2 scrolls of identify.
  1143 | D:2      | 1143 ||| IDENTIFYING copper ring
  1144 | D:2      | 1144 ||| DROPPING ring of stealth.
  1145 | D:2      | 1145 ||| READING scroll of identify.
  1145 | D:2      | 1145 ||| IDENTIFYING blackened garnet ring
  1146 | D:2      | 1146 ||| UPGRADING to +1 ring of slaying {mikee}.
  1206 | D:3      | 1206 ||| UPGRADING to glowing hand axe.
  1207 | D:3      | 1207 ||| DROPPING +0 hand axe.
  1317 | D:3      | 1317 ||| INVOKING Berserk.
  1319 | D:3      | Reached skill level 5 in Axes
  1328 | D:3      | Reached XP level 5. HP: 35/46 MP: 6/8
  1751 | D:3      | 1751 ||| UPGRADING to chain mail.
  1761 | D:3      | 1761 ||| DROPPING +1 ring mail of positive energy.
  1762 | D:3      | 1762 ||| READING scroll labeled VOCUAH NIEG.
  1763 | D:3      | 1763 ||| READING 2 scrolls labeled INEANG KOHI.
  1764 | D:3      | 1764 ||| DRINKING 2 bubbling silvery potions.
  1765 | D:3      | 1765 ||| DRINKING 3 fuming grey potions.
  1766 | D:3      | 1766 ||| DRINKING 2 grey potions.
  1767 | D:3      | 1767 ||| READING scroll of identify.
  1767 | D:3      | 1767 ||| IDENTIFYING shiny glass ring
  1768 | D:3      | 1768 ||| UPGRADING to ring of protection from cold.
  1769 | D:3      | 1769 ||| DROPPING wand of slowing.
  1770 | D:3      | 1770 ||| DROPPING potion of flight.
  1842 | D:4      | 1842 ||| INVOKING Berserk.
  1843 | D:4      | Reached *** piety under Trog
  1849 | D:4      | Reached skill level 3 in Fighting
  1881 | D:4      | 1881 ||| UPGRADING to war axe.
  1882 | D:4      | 1882 ||| DROPPING +0 hand axe of flaming.
  1958 | D:4      | Found a burning altar of Makhleb.
  1958 | D:4      | Found a shimmering altar of Xom.
  1967 | D:4      | Reached skill level 6 in Axes
  2150 | D:4      | Reached XP level 6. HP: 28/56 MP: 9/9
  2276 | D:4      | 2276 ||| INVOKING Berserk.
  2547 | D:4      | Noticed Eustachio
  2550 | D:4      | 2550 ||| INVOKING Berserk.
  2563 | D:4      | Killed Eustachio
  2563 | D:4      | Reached skill level 3 in Armour
  2576 | D:4      | 2576 ||| EATING beef jerky.
  2776 | D:4      | 2776 ||| UPGRADING to runed helmet.
  2786 | D:4      | 2786 ||| DROPPING +2 helmet.
  2787 | D:4      | 2787 ||| UPGRADING to runed ring mail.
  2797 | D:4      | 2797 ||| UPGRADING to +0 chain mail.
  2807 | D:4      | 2807 ||| DROPPING +2 ring mail of cold resistance.
  2808 | D:4      | 2808 ||| READING scroll labeled OFYURU PIEVUOVVUSH.
  2809 | D:4      | 2809 ||| DRINKING 2 murky pink potions.
  2810 | D:4      | 2810 ||| DROPPING potion of agility.
  2826 | D:5      | Entered Level 5 of the Dungeon
  2861 | D:5      | 2861 ||| DRINKING potion of heal wounds.
  2874 | D:5      | Reached skill level 7 in Axes
  2874 | D:5      | Reached XP level 7. HP: 39/62 MP: 10/10
  2881 | D:5      | 2881 ||| INVOKING Berserk.
  2925 | D:5      | 2925 ||| EATING royal jelly.
  2928 | D:5      | Found a sacrificial altar of Ru.
  2945 | D:5      | 2945 ||| INVOKING Berserk.
  2950 | D:5      | Reached skill level 8 in Axes
  3071 | D:5      | 3071 ||| INVOKING Berserk.
  3072 | D:5      | Reached XP level 8. HP: 65/72 MP: 11/11
  3133 | D:5      | Reached skill level 9 in Axes
  3134 | D:5      | 3134 ||| ZAPPING wand of heal wounds (4).
  3135 | D:5      | 3135 ||| MP-RECHARGING wand of heal wounds (3).
  3309 | D:5      | 3309 ||| ZAPPING wand of heal wounds (6).
  3532 | D:5      | Reached **** piety under Trog
  3649 | D:5      | Found a staircase to the Ecumenical Temple.
  3790 | D:5      | 3790 ||| UPGRADING to pair of boots.
  3795 | D:5      | 3795 ||| UPGRADING to dented bronze amulet.
  3796 | D:5      | 3796 ||| REMOVING amulet of regeneration.
  3797 | D:5      | 3797 ||| DROPPING amulet of regeneration.
  3798 | D:5      | 3798 ||| UPGRADING to silver ring.
  3800 | D:5      | 3800 ||| UPGRADING to notched coral ring.
  3802 | D:5      | 3802 ||| REMOVING ring of sustain attributes.
  3803 | D:5      | 3803 ||| UPGRADING to +1 ring of slaying {mikee}.
  3804 | D:5      | 3804 ||| DROPPING ring of sustain attributes.
  3805 | D:5      | 3805 ||| UPGRADING to tubular agate ring.
  3807 | D:5      | 3807 ||| READING scroll labeled NIBYERPHY GITRE.
  3808 | D:5      | 3808 ||| READING scroll labeled ZOOXEOMACK.
  3809 | D:5      | 3809 ||| DRINKING 2 bubbling white potions.
  3810 | D:5      | 3810 ||| DROPPING potion of cancellation.
  3898 | D:6      | Noticed a two-headed ogre
  3905 | D:6      | 3905 ||| INVOKING Berserk.
  3910 | D:6      | Killed a two-headed ogre
  3910 | D:6      | Reached skill level 10 in Axes
  3914 | D:6      | Found a sand-covered staircase.
  3915 | D:6      | 3915 ||| Found Ossuary.
  3970 | Ossuary  | Entered an ossuary
  3971 | Ossuary  | 3971 ||| Entered Ossuary.
  3996 | Ossuary  | 3996 ||| ZAPPING wand of heal wounds (5).
  4066 | Ossuary  | 4066 ||| ZAPPING wand of heal wounds (4).
  4078 | Ossuary  | 4078 ||| ZAPPING wand of heal wounds (3).
  4079 | Ossuary  | 4079 ||| MP-RECHARGING wand of heal wounds (2).
  4132 | Ossuary  | 4132 ||| ZAPPING wand of heal wounds (8).
  4135 | Ossuary  | Gained mutation: You passively map the area around you. [Deep Dwarf growth]
  4135 | Ossuary  | Reached XP level 9. HP: 65/81 MP: 10/10
  4139 | Ossuary  | 4139 ||| INVOKING Berserk.
  4181 | Ossuary  | Reached skill level 11 in Axes
  4185 | Ossuary  | 4185 ||| ZAPPING wand of heal wounds (7).
  4205 | Ossuary  | 4205 ||| Stepping ~*~*~tactically~*~*~ (water).
  4207 | Ossuary  | 4207 ||| ZAPPING wand of heal wounds (6).
  4214 | Ossuary  | 4214 ||| Stepping ~*~*~tactically~*~*~ (water).
  4220 | Ossuary  | Reached skill level 3 in Dodging
  4221 | Ossuary  | 4221 ||| ZAPPING wand of heal wounds (5).
  4223 | Ossuary  | 4223 ||| EATING 6 bread rations.
  4233 | Ossuary  | 4233 ||| READING scroll of enchant armour.
  4233 | Ossuary  | 4233 ||| ENCHANTING +0 pair of boots.
  4246 | Ossuary  | 4246 ||| Stepping ~*~*~tactically~*~*~ (water).
  4248 | Ossuary  | 4248 ||| INVOKING Berserk.
  4263 | Ossuary  | 4263 ||| ZAPPING wand of heal wounds (4).
  4264 | Ossuary  | 4264 ||| MP-RECHARGING wand of heal wounds (3).
  4291 | Ossuary  | 4291 ||| Stepping ~*~*~tactically~*~*~ (water).
  4318 | Ossuary  | 4318 ||| INVOKING Berserk.
  4442 | Ossuary  | 4442 ||| UPGRADING to ring of protection from fire.
  4444 | Ossuary  | 4444 ||| UPGRADING to ring of poison resistance.
  4446 | Ossuary  | 4446 ||| READING 3 scrolls labeled RIUN OZXAA.
  4451 | Ossuary  | 4451 ||| READING scroll labeled NOYMIE ZOGIH.
  4452 | Ossuary  | 4452 ||| READING scroll labeled VOCKIBATET.
  4453 | Ossuary  | 4453 ||| DRINKING 4 inky potions.
  4454 | Ossuary  | 4454 ||| DRINKING 2 white potions.
  4455 | Ossuary  | 4455 ||| READING 2 scrolls of identify.
  4455 | Ossuary  | 4455 ||| IDENTIFYING bubbling emerald potion
  4456 | Ossuary  | 4456 ||| DRINKING potion of beneficial mutation.
  4456 | Ossuary  | Gained mutation: You are somewhat resistant to further mutation. [potion of beneficial mutation]
  4457 | Ossuary  | 4457 ||| DROPPING 3 potions of poison.
  4552 | D:6      | 4552 ||| ZAPPING wand of heal wounds (9).
  4557 | D:6      | 4557 ||| UPGRADING to battleaxe of freezing.
  4558 | D:6      | 4558 ||| DROPPING +1 war axe.
  4655 | D:6      | 4655 ||| ZAPPING wand of heal wounds (8).
  4994 | D:6      | Noticed Crazy Yiuf
  4997 | D:6      | 4997 ||| INVOKING Berserk.
  4999 | D:6      | Killed Crazy Yiuf
  5396 | D:6      | 5396 ||| INVOKING Berserk.
  5397 | D:6      | Reached skill level 6 in Fighting
  5466 | D:6      | 5466 ||| UPGRADING to cloak.
  5471 | D:6      | 5471 ||| UPGRADING to plate armour.
  5481 | D:6      | 5481 ||| DROPPING +0 chain mail.
  5691 | D:7      | 5691 ||| INVOKING Berserk.
  5698 | D:7      | Reached skill level 12 in Axes
  5771 | D:7      | 5771 ||| INVOKING Berserk.
  5843 | D:7      | 5843 ||| INVOKING Berserk.
  6307 | D:7      | Noticed a gargoyle
  6314 | D:7      | Killed a gargoyle
  6315 | D:7      | 6315 ||| ZAPPING wand of heal wounds (7).
  6348 | D:7      | 6348 ||| READING scroll labeled FAEPSI BOCIFYA.
  6349 | D:7      | 6349 ||| READING scroll labeled RAN SILIMURUI.
  6350 | D:7      | 6350 ||| ZAPPING wand of heal wounds (6).
  6351 | D:7      | 6351 ||| DRINKING 3 black potions.
  6352 | D:7      | 6352 ||| DRINKING 2 sedimented coppery potions.
  6383 | D:7      | 6383 ||| DROPPING potion of lignification.
  6384 | D:7      | 6384 ||| DROPPING wand of flame.
  6389 | D:7      | 6389 ||| EATING slice of pizza.
  6454 | D:8      | 6454 ||| INVOKING Berserk.
  6463 | D:8      | Reached XP level 10. HP: 79/92 MP: 10/10
  6468 | D:8      | 6468 ||| ZAPPING wand of heal wounds (5).
  6597 | D:8      | 6597 ||| INVOKING Berserk.
  6600 | D:8      | Reached ***** piety under Trog
  6608 | D:8      | 6608 ||| ZAPPING wand of heal wounds (4).
  6609 | D:8      | 6609 ||| MP-RECHARGING wand of heal wounds (3).
  6610 | D:8      | 6610 ||| MP-RECHARGING wand of heal wounds (3).
  6670 | D:8      | Reached skill level 13 in Axes
  6707 | D:8      | 6707 ||| INVOKING Berserk.
  6774 | D:8      | 6774 ||| Stepping ~*~*~tactically~*~*~ (water).
  6775 | D:8      | 6775 ||| INVOKING Berserk.
  6784 | D:8      | 6784 ||| ZAPPING wand of heal wounds (9).
  6793 | D:8      | 6793 ||| Stepping ~*~*~tactically~*~*~ (water).
  6891 | D:8      | Noticed Prince Ribbit
  6923 | D:8      | 6923 ||| INVOKING Berserk.
  6936 | D:8      | 6936 ||| READING 2 scrolls of teleportation.
  6937 | D:8      | 6937 ||| Stepping ~*~*~tactically~*~*~ (water).
  6949 | D:8      | 6949 ||| ZAPPING wand of heal wounds (8).
  6950 | D:8      | 6950 ||| ZAPPING wand of heal wounds (7).
  6990 | D:8      | 6990 ||| INVOKING Berserk.
  7051 | D:8      | Found a shattered altar of Ashenzari.
  7277 | D:8      | Killed Prince Ribbit
  7382 | D:9      | 7382 ||| EATING 9 meat rations.
  7409 | D:9      | 7409 ||| INVOKING Berserk.
  7589 | D:9      | Noticed Erolcha
  7590 | D:9      | 7590 ||| INVOKING Trog's Hand.
  7591 | D:9      | 7591 ||| INVOKING Brothers in Arms.
  7593 | D:9      | 7593 ||| INVOKING Berserk.
  7598 | D:9      | Killed Erolcha
  7598 | D:9      | Reached skill level 14 in Axes
  7610 | D:9      | Received a gift from Trog
  7621 | D:9      | 7621 ||| ZAPPING wand of heal wounds (6).
  7645 | D:9      | 7645 ||| ZAPPING wand of heal wounds (5).
  7920 | D:9      | Noticed Joseph
  7933 | D:9      | Killed Joseph
  7933 | D:9      | Reached XP level 11. HP: 88/100 MP: 10/10
  8191 | D:9      | Found a glowing golden altar of the Shining One.
  8257 | D:9      | 8257 ||| UPGRADING to twisted bone ring.
  8259 | D:9      | 8259 ||| READING 6 scrolls of remove curse.
  8260 | D:9      | 8260 ||| REMOVING -3 ring of protection.
  8261 | D:9      | 8261 ||| UPGRADING to +1 ring of slaying {mikee}.
  8262 | D:9      | 8262 ||| UPGRADING to ring of protection from fire.
  8264 | D:9      | 8264 ||| UPGRADING to ring of poison resistance.
  8266 | D:9      | 8266 ||| DROPPING -3 ring of protection.
  8267 | D:9      | 8267 ||| READING scroll labeled LAXKYOTHRAGG.
  8268 | D:9      | 8268 ||| READING 2 scrolls of identify.
  8268 | D:9      | 8268 ||| IDENTIFYING blue potion
  8269 | D:9      | 8269 ||| DROPPING potion of ambrosia.
  8299 | D:10     | Entered Level 10 of the Dungeon
  8306 | D:10     | Found a staircase to the Lair.
  8310 | D:10     | 8310 ||| INVOKING Berserk.
  8345 | D:10     | 8345 ||| EATING 7 royal jellies.
  8424 | D:10     | 8424 ||| ZAPPING wand of heal wounds (4).
  8425 | D:10     | 8425 ||| READING 4 scrolls of recharging.
  8425 | D:10     | 8425 ||| RECHARGING wand of heal wounds (3).
  8505 | D:10     | 8505 ||| READING scroll of enchant weapon.
  8505 | D:10     | 8505 ||| ENCHANTING +2 battleaxe of chopping.
  8532 | D:10     | 8532 ||| DRINKING potion of beneficial mutation.
  8550 | D:10     | 8550 ||| EATING 6 royal jellies.
  8691 | D:10     | Noticed an unseen horror
  8697 | D:10     | Killed an unseen horror
  8697 | D:10     | Reached skill level 15 in Axes
  8964 | D:10     | 8964 ||| INVOKING Berserk.
  9033 | D:10     | 9033 ||| UPGRADING to runed golden amulet.
  9034 | D:10     | 9034 ||| UPGRADING to glowing sapphire ring.
  9036 | D:10     | 9036 ||| REMOVING ring of see invisible.
  9037 | D:10     | 9037 ||| UPGRADING to ring of protection from fire.
  9038 | D:10     | 9038 ||| UPGRADING to ring of poison resistance.
  9040 | D:10     | 9040 ||| DRINKING 2 glowing pink potions.
  9041 | D:10     | 9041 ||| READING 3 scrolls of identify.
  9041 | D:10     | 9041 ||| IDENTIFYING sapphire potion
  9042 | D:10     | 9042 ||| READING 2 scrolls of identify.
  9042 | D:10     | 9042 ||| IDENTIFYING emerald potion
  9043 | D:10     | 9043 ||| DROPPING potion of magic.
  9044 | D:10     | 9044 ||| DROPPING potion of brilliance.
  9045 | D:10     | 9045 ||| DROPPING wand of draining.
  9046 | D:10     | 9046 ||| DROPPING potion of mutation.
  9086 | Lair:1   | Entered Level 1 of the Lair of Beasts
  9087 | Lair:1   | 9087 ||| Entered L.
  9152 | Lair:1   | 9152 ||| DRINKING potion of heal wounds.
  9306 | Lair:1   | 9306 ||| READING scroll of enchant armour.
  9306 | Lair:1   | 9306 ||| ENCHANTING +1 pair of boots.
  9491 | Lair:1   | Noticed a four-headed hydra
  9493 | Lair:1   | 9493 ||| INVOKING Brothers in Arms.
  9495 | Lair:1   | 9495 ||| INVOKING Berserk.
  9497 | Lair:1   | Killed a six-headed hydra
  9497 | Lair:1   | Received a gift from Trog
  9534 | Lair:1   | 9534 ||| EATING 5 royal jellies.
  9539 | Lair:1   | 9539 ||| UPGRADING to runed battleaxe {god gift}.
  9540 | Lair:1   | 9540 ||| UPGRADING to +3 battleaxe of chopping.
  9541 | Lair:1   | 9541 ||| DROPPING +2 battleaxe of chopping.
  9749 | Lair:1   | 9749 ||| UPGRADING to encrusted jade ring.
  9751 | Lair:1   | 9751 ||| UPGRADING to ring of protection from fire.
  9753 | Lair:1   | 9753 ||| UPGRADING to ring of poison resistance.
  9824 | Lair:2   | Noticed a death yak
  9825 | Lair:2   | 9825 ||| INVOKING Brothers in Arms.
  9828 | Lair:2   | 9828 ||| INVOKING Berserk.
  9835 | Lair:2   | Killed a death yak
  9948 | Lair:2   | Noticed an ice dragon
  9949 | Lair:2   | 9949 ||| INVOKING Brothers in Arms.
  9951 | Lair:2   | 9951 ||| Stepping ~*~*~tactically~*~*~ (water).
  9952 | Lair:2   | 9952 ||| INVOKING Berserk.
  9954 | Lair:2   | Killed an ice dragon
  9959 | Lair:2   | 9959 ||| DRINKING potion of heal wounds.
 10013 | Lair:2   | Got a distressingly furry helmet
 10113 | Lair:2   | Noticed Nergalle
 10116 | Lair:2   | 10116 ||| INVOKING Berserk.
 10122 | Lair:2   | Killed Nergalle
 10163 | Lair:2   | 10163 ||| EATING 4 royal jellies.
 10407 | Lair:2   | 10407 ||| ZAPPING wand of heal wounds (8).
 10422 | Lair:2   | Noticed endege's ghost (journeyman TrAs)
 10422 | Lair:2   | 10422 ||| INVOKING Brothers in Arms.
 10425 | Lair:2   | 10425 ||| INVOKING Berserk.
 10435 | Lair:2   | HP: 38/154 [endege's ghost (8)]
 10437 | Lair:2   | Killed endege's ghost
 10437 | Lair:2   | Reached skill level 16 in Axes
 10442 | Lair:2   | 10442 ||| ZAPPING wand of heal wounds (7).
 10443 | Lair:2   | 10443 ||| ZAPPING wand of heal wounds (6).
 10769 | Lair:2   | 10769 ||| INVOKING Berserk.
 10873 | Lair:2   | 10873 ||| UPGRADING to glowing helmet.
 10883 | Lair:2   | 10883 ||| DROPPING +2 helmet of see invisible.
 10884 | Lair:2   | 10884 ||| UPGRADING to distressingly furry helmet.
 10894 | Lair:2   | Identified the cursed +0 helmet of Yteehagei {rF- Int+8} (You found it on level 2 of the Lair of Beasts)
 10894 | Lair:2   | 10894 ||| READING 5 scrolls of remove curse.
 10895 | Lair:2   | 10895 ||| UPGRADING to +2 helmet of see invisible.
 10905 | Lair:2   | 10905 ||| DROPPING +0 helmet of Yteehagei {rF- Int+8}.
 10906 | Lair:2   | 10906 ||| DRINKING 2 glowing sapphire potions.
 10907 | Lair:2   | 10907 ||| DROPPING wand of lightning.
 10908 | Lair:2   | 10908 ||| DROPPING wand of cold.
 10935 | Lair:3   | 10935 ||| STAIRDANCE
 10955 | Lair:3   | 10955 ||| STAIRDANCE
 10961 | Lair:2   | 10961 ||| ZAPPING wand of heal wounds (5).
 10968 | Lair:3   | 10968 ||| STAIRDANCE
 10999 | Lair:3   | 10999 ||| INVOKING Berserk.
 11019 | Lair:3   | Reached XP level 12. HP: 90/111 MP: 11/11
 11023 | Lair:3   | 11023 ||| ZAPPING wand of heal wounds (4).
 11024 | Lair:3   | 11024 ||| READING 4 scrolls of recharging.
 11024 | Lair:3   | 11024 ||| RECHARGING wand of heal wounds (3).
 11137 | Lair:3   | 11137 ||| ZAPPING wand of heal wounds (7).
 11172 | Lair:3   | 11172 ||| ZAPPING wand of heal wounds (6).
 11276 | Lair:3   | Noticed endege's ghost (journeyman TrAs)
 11277 | Lair:3   | 11277 ||| INVOKING Brothers in Arms.
 11278 | Lair:3   | 11278 ||| INVOKING Brothers in Arms.
 11279 | Lair:3   | 11279 ||| INVOKING Berserk.
 11287 | Lair:3   | Killed endege's ghost
 11287 | Lair:3   | Reached skill level 17 in Axes
 11294 | Lair:3   | 11294 ||| ZAPPING wand of heal wounds (5).
 11386 | Lair:3   | 11386 ||| ZAPPING wand of heal wounds (4).
 11396 | Lair:3   | 11396 ||| READING 3 scrolls of recharging.
 11396 | Lair:3   | 11396 ||| RECHARGING wand of heal wounds (3).
 11448 | Lair:3   | Found a staircase to the Swamp.
 11495 | Lair:3   | 11495 ||| ZAPPING wand of heal wounds (8).
 12013 | Lair:4   | Found a hole to the Spider Nest.
 12182 | Lair:4   | 12182 ||| ZAPPING wand of heal wounds (7).
 12385 | Lair:4   | Noticed Josephine
 12399 | Lair:4   | Killed Josephine
 12399 | Lair:4   | Reached skill level 9 in Fighting
 12410 | Lair:4   | 12410 ||| ZAPPING wand of heal wounds (6).
 12897 | Lair:4   | 12897 ||| UPGRADING to pair of gloves.
 12919 | Lair:5   | 12919 ||| STAIRDANCE
 12924 | Lair:4   | 12924 ||| ZAPPING wand of heal wounds (5).
 12927 | Lair:5   | 12927 ||| STAIRDANCE
 12930 | Lair:4   | Reached skill level 6 in Dodging
 13013 | Lair:5   | Reached skill level 6 in Armour
 13025 | Lair:5   | 13025 ||| ZAPPING wand of heal wounds (4).
 13026 | Lair:5   | 13026 ||| READING 3 scrolls of recharging.
 13026 | Lair:5   | 13026 ||| RECHARGING wand of heal wounds (3).
 13049 | Lair:5   | Reached skill level 18 in Axes
 13155 | Lair:5   | 13155 ||| DRINKING potion of heal wounds.
 13288 | Lair:5   | Received a gift from Trog
 13292 | Lair:5   | 13292 ||| ZAPPING wand of heal wounds (8).
 13296 | Lair:5   | 13296 ||| ZAPPING wand of heal wounds (7).
 13302 | Lair:5   | 13302 ||| UPGRADING to runed battleaxe {god gift}.
 13303 | Lair:5   | 13303 ||| UPGRADING to +3 battleaxe of chopping.
 13304 | Lair:5   | 13304 ||| DROPPING +1 antimagic battleaxe.
 13407 | Lair:5   | 13407 ||| ZAPPING wand of heal wounds (6).
 13723 | Lair:5   | 13723 ||| ZAPPING wand of heal wounds (5).
 13958 | Lair:5   | 13958 ||| EATING 11 fruits.
 14045 | Lair:5   | 14045 ||| UPGRADING to ring of protection from magic.
 14047 | Lair:5   | 14047 ||| UPGRADING to ring of protection from fire.
 14049 | Lair:5   | 14049 ||| UPGRADING to ring of poison resistance.
 14051 | Lair:5   | 14051 ||| UPGRADING to encrusted garnet ring.
 14053 | Lair:5   | 14053 ||| UPGRADING to ring of protection from fire.
 14055 | Lair:5   | 14055 ||| UPGRADING to ring of poison resistance.
 14057 | Lair:5   | 14057 ||| READING 2 scrolls of identify.
 14057 | Lair:5   | 14057 ||| IDENTIFYING silvery potion
 14058 | Lair:5   | 14058 ||| DROPPING wand of magic darts.
 14059 | Lair:5   | 14059 ||| DROPPING potion of degeneration.
 14103 | Lair:6   | 14103 ||| STAIRDANCE
 14110 | Lair:6   | 14110 ||| STAIRDANCE
 14133 | Lair:6   | 14133 ||| STAIRDANCE
 14139 | Lair:5   | 14139 ||| ZAPPING wand of heal wounds (4).
 14140 | Lair:5   | 14140 ||| READING 3 scrolls of recharging.
 14140 | Lair:5   | 14140 ||| RECHARGING wand of heal wounds (3).
 14179 | Lair:6   | Reached XP level 13. HP: 107/121 MP: 12/12
 14222 | Lair:6   | Noticed Rupert
 14223 | Lair:6   | 14223 ||| INVOKING Trog's Hand.
 14224 | Lair:6   | 14224 ||| INVOKING Brothers in Arms.
 14225 | Lair:6   | 14225 ||| INVOKING Berserk.
 14229 | Lair:6   | Killed Rupert
 14344 | Lair:6   | Found a staircase to the Slime Pits.
 14967 | Lair:6   | 14967 ||| READING 2 scrolls labeled PYIROCS CAIRI.
 14967 | Lair:6   | Identified 2 scrolls of acquirement
 14968 | Lair:6   | 14968 ||| READING scroll of acquirement.
 14970 | Lair:6   | 14970 ||| UPGRADING to embroidered hat.
 14980 | Lair:6   | 14980 ||| UPGRADING to +2 helmet of see invisible.
 14990 | Lair:6   | 14990 ||| DROPPING +1 hat of magic resistance.
 14991 | Lair:6   | 14991 ||| UPGRADING to glowing cloak.
 15001 | Lair:6   | 15001 ||| REMOVING ring of poison resistance.
 15002 | Lair:6   | 15002 ||| DROPPING +0 cloak.
 15003 | Lair:6   | 15003 ||| UPGRADING to ring of protection from magic.
 15004 | Lair:6   | 15004 ||| UPGRADING to +5 ring of strength.
 15006 | Lair:6   | 15006 ||| UPGRADING to ring of protection from fire.
 15053 | Lair:7   | 15053 ||| READING scroll of enchant armour.
 15053 | Lair:7   | 15053 ||| ENCHANTING +0 pair of gloves.
 15059 | Lair:7   | 15059 ||| INVOKING Brothers in Arms.
 15060 | Lair:7   | 15060 ||| INVOKING Brothers in Arms.
 15066 | Lair:7   | 15066 ||| INVOKING Berserk.
 15070 | Lair:7   | Reached skill level 19 in Axes
 15077 | Lair:7   | 15077 ||| DRINKING potion of heal wounds.
 15078 | Lair:7   | 15078 ||| ZAPPING wand of heal wounds (7).
 15164 | Lair:7   | 15164 ||| ZAPPING wand of heal wounds (6).
 15349 | Lair:7   | 15349 ||| DRINKING potion of beneficial mutation.
 15349 | Lair:7   | Gained mutation: Your system is resistant to poisons. [potion of beneficial mutation]
 15372 | Lair:7   | Received a gift from Trog
 15374 | Lair:7   | 15374 ||| ZAPPING wand of heal wounds (5).
 15382 | Lair:7   | Got a crude battleaxe {god gift}
 15383 | Lair:7   | 15383 ||| UPGRADING to crude battleaxe {god gift}.
 15383 | Lair:7   | Identified the +8 battleaxe of the Tooth {holy, -Tele rN+ Str+3 Int+2} (Trog gifted it to you on level 7 of the Lair of Beasts)
 15384 | Lair:7   | 15384 ||| UPGRADING to +3 battleaxe of chopping.
 15385 | Lair:7   | 15385 ||| DROPPING +8 battleaxe of the Tooth {holy, -Tele rN+ Str+3 Int+2}.
 15451 | Lair:7   | 15451 ||| ZAPPING wand of heal wounds (4).
 15452 | Lair:7   | 15452 ||| READING 2 scrolls of recharging.
 15452 | Lair:7   | 15452 ||| RECHARGING wand of heal wounds (3).
 15824 | Lair:7   | 15824 ||| ZAPPING wand of heal wounds (8).
 15905 | Lair:7   | 15905 ||| INVOKING Berserk.
 16067 | Lair:7   | 16067 ||| UPGRADING to emerald ring.
 16069 | Lair:7   | 16069 ||| REMOVING ring of invisibility.
 16070 | Lair:7   | 16070 ||| DROPPING ring of invisibility.
 16071 | Lair:7   | 16071 ||| UPGRADING to +1 ring of slaying {mikee}.
 16072 | Lair:7   | 16072 ||| UPGRADING to ring of protection from magic.
 16074 | Lair:7   | 16074 ||| UPGRADING to ring of protection from fire.
 16076 | Lair:7   | 16076 ||| DROPPING ring of poison resistance.
 16123 | Lair:8   | Entered Level 8 of the Lair of Beasts
 16141 | Lair:8   | 16141 ||| STAIRDANCE
 16156 | Lair:8   | 16156 ||| INVOKING Berserk.
 16163 | Lair:8   | Reached skill level 20 in Axes
 16191 | Lair:8   | 16191 ||| READING 7 scrolls of teleportation.
 16192 | Lair:8   | 16192 ||| ZAPPING wand of heal wounds (7).
 16193 | Lair:8   | 16193 ||| ZAPPING wand of heal wounds (6).
 16194 | Lair:8   | 16194 ||| ZAPPING wand of heal wounds (5).
 16204 | Lair:8   | 16204 ||| READING 6 scrolls of teleportation.
 16205 | Lair:8   | 16205 ||| ZAPPING wand of heal wounds (4).
 16206 | Lair:8   | 16206 ||| ZAPPING wand of heal wounds (3).
 16207 | Lair:8   | 16207 ||| ZAPPING wand of heal wounds (2).
 16208 | Lair:8   | 16208 ||| READING scroll of recharging.
 16208 | Lair:8   | 16208 ||| RECHARGING wand of heal wounds (1).
 16212 | Lair:8   | 16212 ||| READING 5 scrolls of teleportation.
 16213 | Lair:8   | 16213 ||| ZAPPING wand of heal wounds (5).
 16215 | Lair:8   | 16215 ||| ZAPPING wand of heal wounds (4).
 16217 | Lair:8   | 16217 ||| ZAPPING wand of heal wounds (3).
 16218 | Lair:8   | 16218 ||| ZAPPING wand of heal wounds (2).
 16219 | Lair:8   | 16219 ||| MP-RECHARGING wand of heal wounds (1).
 16227 | Lair:8   | 16227 ||| EATING 3 royal jellies.
 16254 | Lair:8   | 16254 ||| ZAPPING wand of heal wounds (7).
 16286 | Lair:8   | 16286 ||| ZAPPING wand of heal wounds (6).
 16366 | Lair:8   | Gained mutation: You resist negative energy. [Deep Dwarf growth]
 16366 | Lair:8   | Reached XP level 14. HP: 100/132 MP: 12/12
 16367 | Lair:8   | 16367 ||| ZAPPING wand of heal wounds (5).
 16385 | Lair:8   | 16385 ||| ZAPPING wand of heal wounds (4).
 16386 | Lair:8   | 16386 ||| MP-RECHARGING wand of heal wounds (3).
 16397 | Lair:8   | 16397 ||| Stepping ~*~*~tactically~*~*~ (water).
 16399 | Lair:8   | 16399 ||| Stepping ~*~*~tactically~*~*~ (water).
 16401 | Lair:8   | 16401 ||| Stepping ~*~*~tactically~*~*~ (water).
 16445 | Lair:8   | 16445 ||| Stepping ~*~*~tactically~*~*~ (water).
 16456 | Lair:8   | 16456 ||| ZAPPING wand of heal wounds (5).
 16519 | Lair:8   | 16519 ||| ZAPPING wand of heal wounds (4).
 16520 | Lair:8   | 16520 ||| MP-RECHARGING wand of heal wounds (3).
 16531 | Lair:8   | 16531 ||| INVOKING Brothers in Arms.
 16536 | Lair:8   | 16536 ||| INVOKING Berserk.
 16602 | Lair:8   | Received a gift from Trog
 16605 | Lair:8   | 16605 ||| ZAPPING wand of heal wounds (8).
 16727 | Lair:8   | 16727 ||| INVOKING Brothers in Arms.
 16731 | Lair:8   | 16731 ||| INVOKING Berserk.
 16739 | Lair:8   | Reached skill level 9 in Armour
 16743 | Lair:8   | Received a gift from Trog
 16743 | Lair:8   | Reached skill level 9 in Dodging
 16776 | Lair:8   | 16776 ||| ZAPPING wand of heal wounds (7).
 16792 | Lair:8   | 16792 ||| UPGRADING to glowing battleaxe {god gift}.
 16793 | Lair:8   | 16793 ||| UPGRADING to +3 battleaxe of chopping.
 16794 | Lair:8   | 16794 ||| DROPPING +1 antimagic battleaxe.
 17079 | Lair:8   | 17079 ||| DROPPING wand of disintegration.
 17105 | Lair:8   | 17105 ||| ZAPPING wand of heal wounds (6).
 17357 | D:11     | 17357 ||| STAIRDANCE
 17364 | D:11     | 17364 ||| STAIRDANCE
 17449 | D:11     | Found a frozen archway.
 17468 | D:11     | Found a sparkling altar of Nemelex Xobeh.
 17581 | D:11     | 17581 ||| ZAPPING wand of heal wounds (5).
 17607 | D:11     | 17607 ||| UPGRADING to runed broad axe.
 17608 | D:11     | 17608 ||| UPGRADING to +3 battleaxe of chopping.
 17609 | D:11     | 17609 ||| DROPPING +0 broad axe of draining.
 17994 | D:12     | Noticed Azrael
 17995 | D:12     | 17995 ||| INVOKING Brothers in Arms.
 18005 | D:12     | 18005 ||| DRINKING potion of heal wounds.
 18006 | D:12     | 18006 ||| INVOKING Berserk.
 18012 | D:12     | Noticed Maud
 18012 | D:12     | Killed Azrael
 18019 | D:12     | Killed Maud
 18024 | D:12     | 18024 ||| ZAPPING wand of heal wounds (4).
 18025 | D:12     | 18025 ||| MP-RECHARGING wand of heal wounds (3).
 18187 | D:12     | 18187 ||| INVOKING Berserk.
 18467 | D:12     | Found a staircase to the Orcish Mines.
 18780 | Orc:1    | Entered Level 1 of the Orcish Mines
 18781 | Orc:1    | 18781 ||| Entered O.
 18839 | Orc:1    | 18839 ||| ZAPPING wand of heal wounds (5).
 18890 | Orc:1    | Received a gift from Trog
 18914 | Orc:1    | 18914 ||| UPGRADING to glowing battleaxe {god gift}.
 18915 | Orc:1    | 18915 ||| DROPPING +3 battleaxe of chopping.
 18983 | Orc:1    | Noticed Fannar
 18998 | Orc:1    | Killed Fannar
 19105 | Orc:1    | Found a roughly hewn altar of Beogh.
 19361 | Orc:2    | 19361 ||| STAIRDANCE
 19375 | Orc:2    | 19375 ||| STAIRDANCE
 19392 | Orc:2    | 19392 ||| STAIRDANCE
 19405 | Orc:2    | 19405 ||| STAIRDANCE
 19409 | Orc:1    | 19409 ||| ZAPPING wand of heal wounds (4).
 19410 | Orc:1    | 19410 ||| MP-RECHARGING wand of heal wounds (3).
 19431 | Orc:2    | 19431 ||| STAIRDANCE
 19443 | Orc:2    | 19443 ||| INVOKING Berserk.
 19667 | Orc:4    | Entered Level 4 of the Orcish Mines
 19669 | Orc:4    | 19669 ||| STAIRDANCE
 19674 | Orc:4    | 19674 ||| STAIRDANCE
 19679 | Orc:4    | 19679 ||| STAIRDANCE
 19731 | Orc:4    | 19731 ||| INVOKING Trog's Hand.
 19734 | Orc:4    | 19734 ||| INVOKING Berserk.
 19827 | Orc:4    | Found a staircase to the Elven Halls.
 20022 | Orc:4    | 20022 ||| ZAPPING wand of heal wounds (9).
 20122 | Orc:4    | Received a gift from Trog
 20124 | Orc:4    | 20124 ||| UPGRADING to runed executioner's axe {god gift}.
 20125 | Orc:4    | 20125 ||| UPGRADING to +4 battleaxe of electrocution.
 20126 | Orc:4    | 20126 ||| DROPPING +4 executioner's axe of chopping.
 20171 | Orc:4    | 20171 ||| INVOKING Berserk.
 20182 | Orc:4    | 20182 ||| ZAPPING wand of heal wounds (8).
 20264 | Orc:4    | 20264 ||| ZAPPING wand of heal wounds (7).
 20265 | Orc:4    | 20265 ||| ZAPPING wand of heal wounds (6).
 20268 | Orc:4    | 20268 ||| INVOKING Berserk.
 20285 | Orc:4    | 20285 ||| ZAPPING wand of heal wounds (5).
 20286 | Orc:4    | 20286 ||| ZAPPING wand of heal wounds (4).
 20287 | Orc:4    | 20287 ||| MP-RECHARGING wand of heal wounds (3).
 20456 | Orc:4    | 20456 ||| INVOKING Berserk.
 20473 | Orc:4    | Reached ****** piety under Trog
 20475 | Orc:4    | 20475 ||| READING 4 scrolls of teleportation.
 20482 | Orc:4    | 20482 ||| INVOKING Trog's Hand.
 20492 | Orc:4    | 20492 ||| ZAPPING wand of heal wounds (6).
 20523 | Orc:4    | 20523 ||| INVOKING Berserk.
 20601 | Orc:4    | 20601 ||| INVOKING Berserk.
 20616 | Orc:4    | 20616 ||| EATING 13 bread rations.
 20619 | Orc:4    | 20619 ||| READING 3 scrolls of teleportation.
 20624 | Orc:4    | 20624 ||| ZAPPING wand of heal wounds (5).
 20723 | Orc:4    | Reached XP level 15. HP: 123/141 MP: 8/8
 20734 | Orc:4    | 20734 ||| INVOKING Berserk.
 20845 | Orc:4    | Found Xotruk's Jewellery Boutique.
 20845 | Orc:4    | Found Vaurecw's Book Boutique.
 20846 | Orc:4    | Found Gussuapo's Jewellery Shop.
 20846 | Orc:4    | Found Timeecir's Antique Armour Boutique.
 20848 | Orc:4    | 20848 ||| INVOKING Brothers in Arms.
 20849 | Orc:4    | 20849 ||| INVOKING Berserk.
 20893 | Orc:4    | Bought an uncursed ring of protection from cold for 350 gold pieces
 20893 | Orc:4    | Bought an uncursed ring of fire for 350 gold pieces
 20893 | Orc:4    | Bought a cursed +3 ring of evasion for 252 gold pieces
 20893 | Orc:4    | Bought an uncursed amulet of faith for 560 gold pieces
 20896 | Orc:4    | Bought a pair of runed gloves for 103 gold pieces
 21012 | Orc:4    | 21012 ||| UPGRADING to shiny plate armour.
 21022 | Orc:4    | 21022 ||| UPGRADING to glowing plate armour.
 21032 | Orc:4    | 21032 ||| UPGRADING to +4 plate armour.
 21053 | Orc:4    | 21053 ||| DROPPING +1 plate armour of positive energy.
 21054 | Orc:4    | 21054 ||| DROPPING +0 plate armour.
 21055 | Orc:4    | 21055 ||| UPGRADING to pair of runed gloves.
 21065 | Orc:4    | 21065 ||| DROPPING +1 pair of gloves.
 21079 | Orc:4    | 21079 ||| UPGRADING to amulet of faith.
 21081 | Orc:4    | 21081 ||| DROPPING amulet of warding.
 21082 | Orc:4    | 21082 ||| DROPPING +1 ring of slaying {mikee}.
 21083 | Orc:4    | 21083 ||| DROPPING ring of protection from magic.
 21084 | Orc:4    | 21084 ||| DROPPING ring of protection from magic.
 21085 | Orc:4    | 21085 ||| DROPPING ring of protection from cold.
 21086 | Orc:4    | 21086 ||| UPGRADING to cursed +3 ring of evasion.
 21088 | Orc:4    | 21088 ||| READING 8 scrolls of remove curse.
 21089 | Orc:4    | 21089 ||| DROPPING 12 tomahawks.
 21090 | Orc:4    | 21090 ||| DROPPING 3 steel tomahawks.
 21340 | D:13     | 21340 ||| INVOKING Trog's Hand.
 21441 | D:13     | Received a gift from Trog
 21694 | D:13     | 21694 ||| INVOKING Trog's Hand.
 21928 | D:13     | 21928 ||| READING scroll labeled KECIH WYPA.
 21952 | D:14     | 21952 ||| INVOKING Trog's Hand.
 21969 | D:14     | Found a radiant altar of Vehumet.
 22256 | D:14     | Found a gate to the Vaults.
 22288 | D:14     | 22288 ||| DRINKING potion of heal wounds.
 22382 | D:14     | 22382 ||| DROPPING wand of frost.
 22404 | D:15     | Entered Level 15 of the Dungeon
 22416 | D:15     | 22416 ||| INVOKING Trog's Hand.
 22423 | D:15     | 22423 ||| INVOKING Berserk.
 22664 | D:15     | 22664 ||| INVOKING Brothers in Arms.
 22667 | D:15     | 22667 ||| INVOKING Brothers in Arms.
 22668 | D:15     | 22668 ||| INVOKING Berserk.
 22784 | D:15     | 22784 ||| INVOKING Berserk.
 22795 | D:15     | Reached skill level 12 in Dodging
 22875 | D:15     | 22875 ||| EATING 18 fruits.
 22969 | D:15     | Received a gift from Trog
 22977 | D:15     | 22977 ||| INVOKING Berserk.
 22986 | D:15     | Reached skill level 12 in Armour
 23096 | D:15     | 23096 ||| EATING 17 fruits.
 23116 | D:15     | Reached skill level 12 in Fighting
 23182 | D:15     | Found a staircase to the Depths.
 23208 | D:15     | 23208 ||| READING 7 scrolls of identify.
 23208 | D:15     | 23208 ||| IDENTIFYING dark potion
 23209 | D:15     | 23209 ||| DROPPING potion of berserk rage.
 23546 | Lair:4   | 23546 ||| INVOKING Brothers in Arms.
 23549 | Lair:4   | 23549 ||| INVOKING Berserk.
 23560 | Lair:4   | 23560 ||| ZAPPING wand of heal wounds (4).
 23561 | Lair:4   | 23561 ||| MP-RECHARGING wand of heal wounds (3).
 23758 | Spider:1 | Entered Level 1 of the Spider Nest
 23759 | Spider:1 | 23759 ||| Entered N.
 23798 | Spider:1 | 23798 ||| ZAPPING wand of heal wounds (9).
 23806 | Spider:1 | 23806 ||| DRINKING 10 potions of curing.
 23806 | Spider:1 | 23806 ||| (to cure confusion)
 23842 | Spider:1 | 23842 ||| INVOKING Brothers in Arms.
 24078 | Spider:1 | 24078 ||| INVOKING Brothers in Arms.
 24124 | Spider:1 | 24124 ||| Stepping ~*~*~tactically~*~*~ (water).
 24179 | Spider:1 | 24179 ||| EATING 16 fruits.
 24207 | Spider:1 | 24207 ||| ZAPPING wand of heal wounds (8).
 24366 | Spider:1 | 24366 ||| READING 8 scrolls of identify.
 24366 | Spider:1 | 24366 ||| IDENTIFYING purple potion
 24395 | Spider:2 | 24395 ||| STAIRDANCE
 24410 | Spider:2 | 24410 ||| STAIRDANCE
 24419 | Spider:2 | 24419 ||| STAIRDANCE
 24426 | Spider:1 | 24426 ||| ZAPPING wand of heal wounds (7).
 24430 | Spider:1 | 24430 ||| EATING 15 fruits.
 24437 | Spider:2 | 24437 ||| STAIRDANCE
 24474 | Spider:2 | 24474 ||| ZAPPING wand of heal wounds (6).
 24691 | Spider:2 | 24691 ||| EATING 14 fruits.
 24780 | Spider:2 | Received a gift from Trog
 24962 | Spider:2 | 24962 ||| EATING 13 fruits.
 24979 | Spider:2 | 24979 ||| DROPPING wand of paralysis.
 25012 | Spider:3 | 25012 ||| STAIRDANCE
 25044 | Spider:3 | 25044 ||| READING scroll of acquirement.
 25059 | Spider:3 | 25059 ||| INVOKING Brothers in Arms.
 25071 | Spider:3 | 25071 ||| ZAPPING wand of heal wounds (5).
 25072 | Spider:3 | 25072 ||| ZAPPING wand of heal wounds (4).
 25073 | Spider:3 | 25073 ||| ZAPPING wand of heal wounds (3).
 25074 | Spider:3 | 25074 ||| READING 3 scrolls of recharging.
 25074 | Spider:3 | 25074 ||| RECHARGING wand of heal wounds (2).
 25198 | Spider:3 | 25198 ||| DRINKING 12 potions of curing.
 25198 | Spider:3 | 25198 ||| (to cure confusion)
 25281 | Spider:3 | Reached XP level 16. HP: 124/154 MP: 8/8
 25282 | Spider:3 | 25282 ||| ZAPPING wand of heal wounds (4).
 25283 | Spider:3 | 25283 ||| READING 2 scrolls of recharging.
 25283 | Spider:3 | 25283 ||| RECHARGING wand of heal wounds (3).
 25438 | Spider:3 | 25438 ||| INVOKING Brothers in Arms.
 25451 | Spider:3 | 25451 ||| ZAPPING wand of heal wounds (9).
 25576 | Spider:3 | 25576 ||| DRINKING 11 potions of curing.
 25576 | Spider:3 | 25576 ||| (to cure poison)
 25671 | Spider:3 | 25671 ||| DRINKING 10 potions of curing.
 25671 | Spider:3 | 25671 ||| (to cure confusion)
 25673 | Spider:3 | 25673 ||| DRINKING 9 potions of curing.
 25673 | Spider:3 | 25673 ||| (to cure confusion)
 25686 | Spider:3 | 25686 ||| READING 3 scrolls of teleportation.
 25687 | Spider:3 | 25687 ||| ZAPPING wand of heal wounds (8).
 25688 | Spider:3 | 25688 ||| ZAPPING wand of heal wounds (7).
 25689 | Spider:3 | 25689 ||| ZAPPING wand of heal wounds (6).
 25690 | Spider:3 | 25690 ||| ZAPPING wand of heal wounds (5).
 25691 | Spider:3 | 25691 ||| ZAPPING wand of heal wounds (4).
 25692 | Spider:3 | 25692 ||| ZAPPING wand of heal wounds (3).
 25693 | Spider:3 | 25693 ||| ZAPPING wand of heal wounds (2).
 25694 | Spider:3 | 25694 ||| READING scroll of recharging.
 25694 | Spider:3 | 25694 ||| RECHARGING wand of heal wounds (1).
 25706 | Spider:3 | 25706 ||| READING 2 scrolls of teleportation.
 25711 | Spider:3 | 25711 ||| READING scroll of teleportation.
 25712 | Spider:3 | 25712 ||| ZAPPING wand of heal wounds (6).
 25715 | Spider:3 | 25715 ||| ZAPPING wand of heal wounds (5).
 25722 | Spider:3 | 25722 ||| ZAPPING wand of heal wounds (4).
 25724 | Spider:3 | 25724 ||| ZAPPING wand of heal wounds (3).
 25725 | Spider:3 | 25725 ||| ZAPPING wand of heal wounds (2).
 25726 | Spider:3 | 25726 ||| ZAPPING wand of heal wounds (1).
 25727 | Spider:3 | 25727 ||| MP-RECHARGING wand of heal wounds (0).
 25728 | Spider:3 | 25728 ||| ZAPPING wand of heal wounds (2).
 25729 | Spider:3 | 25729 ||| ZAPPING wand of heal wounds (1).
 25730 | Spider:3 | 25730 ||| MP-RECHARGING wand of heal wounds (0).
 25730 | Spider:3 | HP: 30/154 [spark wasp (14)]
 25731 | Spider:3 | 25731 ||| ZAPPING wand of heal wounds (5).
 25732 | Spider:3 | 25732 ||| ZAPPING wand of heal wounds (4).
 25733 | Spider:3 | 25733 ||| ZAPPING wand of heal wounds (3).
 25734 | Spider:3 | 25734 ||| ZAPPING wand of heal wounds (2).
 25735 | Spider:3 | 25735 ||| MP-RECHARGING wand of heal wounds (1).
 25735 | Spider:3 | HP: 38/154 [spark wasp (13)]
 25736 | Spider:3 | 25736 ||| ZAPPING wand of heal wounds (4).
 25737 | Spider:3 | 25737 ||| ZAPPING wand of heal wounds (3).
 25737 | Spider:3 | HP: 10/154 [spark wasp (12)]
 25738 | Spider:3 | 25738 ||| ZAPPING wand of heal wounds (2).
 25738 | Spider:3 | Mangled by a spark wasp

Vault maps used:
D:1:      moated_graveyard_arrival
D:2:      uniq_robin
D:3:      kennysheep_nub, minivault_27, kennysheep_generic_room_10
D:4:      grunt_temple_overflow_champion_of_chaos, first_bread, uniq_eustachio
D:5:      temple_fountains, basic_altar, st_stairs_1
D:6:      enter_ossuary_3, uniq_crazy_yiuf_cottage
D:8:      serial_ice, serial_ice_f, serial_ice_j, serial_ice_m, serial_ice_o,
          basic_altar, uniq_prince_ribbit1
D:9:      corexii_shack_village, nicolae_tso_swordbearing_angel, david_nohive_1,
          uniq_joseph, uniq_erolcha
D:10:     minmay_lair_entry_lava
D:11:     kennysheep_ambush_hall, basic_altar, serial_ice, serial_ice_e,
          serial_ice_h, serial_ice_k, serial_ice_d,
          portal_ice_cave_entry_pillars_01
D:12:     boulder_corridor_run, uniq_azrael, uniq_maud
D:14:     erik_vaults_1, basic_altar
D:15:     grunt_enter_depths_snipers, grunt_decor_one_mirror, st_stairs_13
Lair:2:   dragon1_lemuel, uniq_nergalle
Lair:3:   minmay_lair_oklob_chamber, minmay_swamp_entry_reptiles,
          beast_lair_carwin_8, infiniplex_staircase_pool
Lair:4:   nicolae_spider_entry_non_spiders, uniq_josephine
Lair:5:   minmay_lair_venomous_thicket, lemuel_fruit_tree
Lair:6:   slime_dummy, uniq_rupert
Lair:7:   serial_bayou_shore_b
Lair:8:   minmay_lair_end_frog_pond
Orc:1:    nicolae_orc_accident_2, nicolae_orc_lost_temple, uniq_fannar,
          uniq_harold
Orc:3:    nicolae_orc_pool_cavern, david_defended_altar_orc, uniq_nessos,
          uniq_maurice
Orc:4:    st_orc_pillars
Ossuary:  ossuary_zaba_flooded

Action                   |  1- 3 |  4- 6 |  7- 9 | 10-12 | 13-15 | 16-18 || total
-------------------------+-------+-------+-------+-------+-------+-------++-------
Melee: Hand axe          |    70 |    93 |       |       |       |       ||   163
       War axe           |       |    71 |   349 |       |       |       ||   420
       Battleaxe         |       |       |   102 |   670 |  1307 |    90 ||  2169
Throw: Tomahawk          |       |       |       |   155 |   140 |       ||   295
Invok: Berserk           |     2 |     4 |    13 |    17 |    22 |       ||    58
       Brothers in Arms  |       |       |       |     6 |    12 |     1 ||    19
       Trog's Hand       |       |       |       |     1 |     7 |       ||     8
 Abil: Device Recharging |       |       |     3 |     1 |     7 |     3 ||    14
Evoke: Wand              |     1 |       |    14 |    27 |    44 |    24 ||   110
  Use: Scroll            |     3 |     9 |     9 |    15 |    16 |     5 ||    57
       Potion            |       |     5 |     6 |     6 |     6 |     3 ||    26
 Stab: Distracted        |       |       |       |       |     1 |       ||     1
       Held in net/web   |       |       |       |       |     1 |       ||     1
  Eat: Chunk             |     1 |    10 |    17 |    32 |    51 |     2 ||   113
       Beef jerky        |       |     1 |       |       |       |       ||     1
       Royal jelly       |       |       |     1 |     4 |     1 |       ||     6
       Bread ration      |       |       |     1 |       |     1 |       ||     2
       Pizza             |       |       |     1 |       |       |       ||     1
       Meat ration       |       |       |       |     1 |       |       ||     1
       Fruit             |       |       |       |     1 |     6 |       ||     7
